 Dungeon Crawl Stone Soup version 0.27.0-66-gdc8fb28755 (webtiles) character file.

Game seed: 16650501639523263633

149 sanka the Chopper (level 5, -2/46 (47) HPs)
             Began as a Palentonga Abyssal Knight on Aug 20, 2021.
             Was a Follower of Lugonu.
             Slain by an orc (3 damage)
             ... on level 3 of the Dungeon.
             The game lasted 00:02:39 (2479 turns).

sanka the Chopper (Palentonga Abyssal Knight)       Turns: 2479, Time: 00:02:39

HP:   -2/46 (47)    AC:  4    Str: 15    XL:     5   Next: 9%
MP:   6/6           EV:  9    Int: 12    God:    Lugonu [*.....]
Gold: 66            SH:  0    Dex:  9    Spells: 4/4 levels left

rFire    . . .     SeeInvis +   a - +1 hand axe
rCold    . . .     Faith    .   (no shield)
rNeg     . . .     Spirit   .   b - +0 leather armour
rPois    .         Reflect  .   (no helmet)
rElec    .         Harm     .   (no cloak)
rCorr    .         Rampage  .   (no gloves)
Will     .....     Rnd*Rage +   (no barding)
Stlth    +.........             (no amulet)
HPRegen  0.15/turn              (no ring)
MPRegen  0.10/turn              (no ring)

@: flying, hasted, lightly drained, very quick
A: large, rugged brown scales 3, see invisible, deformed body, roll 1, armoured
tail, hooves 1, berserk 1, robust 1, weak 1
a: Rolling Charge, Renounce Religion, Depart the Abyss


You were on level 3 of the Dungeon.
You worshipped Lugonu.
Lugonu was aware of your devotion.
You visited 1 branch of the dungeon, and saw 3 of its levels.
You visited the Abyss 1 time.

You collected 66 gold pieces.


Innate Abilities, Weirdness & Mutations

You are completely covered in rugged brown scales. (AC +3, +7% HP)
You have supernaturally acute eyesight. (SInv)
Armour fits poorly on your strangely shaped body.
You can roll at nearby foes to attack.
You have a long armoured tail.
You have large cloven feet.
You tend to lose your temper in combat.
You are robust. (+10% HP)
You are weak. (Str -2)


   Skills:
 - Level 3.0 Fighting
 + Level 5.3 Axes
 - Level 1.5 Armour
 - Level 0.7 Dodging
 - Level 2.0 Invocations


You had 4 spell levels left.
You didn't know any spells.
Your spell library contained the following spells:

 Spells                   Type           Power      Damage    Failure   Level
 Corpse Rot               Necr/Air       N/A        N/A       52%         2
 Poisonous Vapours        Pois/Air       0%         N/A       52%         2
 Dazzling Flash           Conj/Hex       0%         N/A       77%         3
 Iskenderun's Mystic Bla  Conj/Tloc      0%         2d3       99%         4
 Freezing Cloud           Conj/Ice/Air   0%         6-21      100%        5
 Starburst                Conj/Fire      0%         6d3       100%        6

Inventory:

Hand Weapons
 a - a +1 hand axe (weapon)
Missiles
 d - 3 curare-tipped darts {=f}
Armour
 b - a +0 leather armour (worn)
Magical Staves
 g - a staff of fire
Scrolls
 e - a scroll of teleportation {unknown}
 f - 2 scrolls of identify {unknown}

Dungeon Overview and Level Annotations

Branches:
Dungeon (3/15)

Altars:

Shops:
D:1

[ ▒.▒.............
▒.▒.............
▒.▒▒▒▒▒▒'▒▒▒▒▒▒▒▒ ▒.▒
▒.......... ▒.▒
▒..[..▒▒▒.▒ .▒ ▒.▒
▒.......▒.▒ .▒ ▒.▒
▒.....▒.▒.▒▒▒.▒▒▒▒
▒.▒▒▒▒▒▒▒.▒.........▒▒..
▒.....oH▒.▒▒.......▒ ▒..
▒▒▒▒▒▒▒o▒..........▒ ▒..
▒)▒▒▒▒....†..▒ ▒.. ▒)▒
▒.......▒ ▒.. ▒)▒
▒.......▒ ▒.. ▒.▒
▒.......▒ ▒.. ▒.▒
▒.......▒▒▒.. ▒.▒
▒............ ▒.▒
▒▒▒▒▒▒.▒▒▒▒..


You could see an orc wizard (invisible) and an orc.


Message History

Unknown command.
Unknown command.
You miss the orc wizard.
The orc wizard is heavily wounded.
You closely miss the orc wizard.
Your tail-slap misses the orc wizard.
The orc wizard is heavily wounded.
You feel less confused.
The orc wizard hits you but does no damage.
It was a potion of mutation.
You feel extremely strange.
You feel weaker.
Your feet thicken and deform.
You feel a little pissed off.
You feel robust.
The orc wizard hits you with a +0 dagger.
* * * LOW HITPOINT WARNING * * *
The orc barely misses you.
It was a potion of flight.
You feel very buoyant.
You fly up into the air.
The orc wizard barely misses you. The orc hits you with a +0 whip.
* * * LOW HITPOINT WARNING * * *
It was a potion of haste.
You feel yourself speed up.
The orc wizard hits you with a +0 dagger.
* * * LOW HITPOINT WARNING * * *
The orc hits you with a +0 whip.
You die...

Action                   |  1- 3 |  4- 6 || total
-------------------------+-------+-------++-------
Melee: Hand axe          |    95 |    64 ||   159
       Tailslap          |     7 |     6 ||    13
Throw: Dart              |       |     2 ||     2
Invok: Depart the Abyss  |     1 |       ||     1
 Abil: Rolling Charge    |       |     1 ||     1
  Use: Potion            |     2 |     3 ||     5
Armor: Leather armour    |    46 |    15 ||    61
Dodge: Dodged            |    53 |    24 ||    77

Levels and vault maps discovered:
D:1:      wander_arrival_desolate, layout_basic, serial_shops,
          nicolae_shop_trees, hellmonk_ecumenical_altar_arch_garden
D:2:      layout_basic, uniq_terence
D:3:      layout_basic, minmay_cut_off

Notes
Turn   | Place    | Note
-------+----------+-------------------------------------------
     0 | Abyss:1  | sanka the Palentonga Abyssal Knight began the quest for the
                  | Orb.
     0 | Abyss:1  | Reached XP level 1. HP: 19/19 MP: 2/2
    70 | Abyss:1  | Noticed a quasit
    78 | Abyss:1  | Noticed a smoke demon
    81 | D:1      | Escaped the Abyss
   353 | D:1      | Reached XP level 2. HP: 17/25 MP: 3/3
   446 | D:1      | Found Oguhopp's Armour Emporium.
   495 | D:1      | Reached * piety under Lugonu
   541 | D:1      | Reached skill level 3 in Axes
   771 | D:1      | Found a faded altar of an unknown god.
   929 | D:1      | Reached XP level 3. HP: 31/31 MP: 4/4
  1037 | D:2      | Identified a potion of resistance
  1098 | D:2      | Reached skill level 4 in Axes
  1443 | D:2      | Reached XP level 4. HP: 37/37 MP: 5/5
  1827 | D:2      | Noticed Terence
  1831 | D:2      | Killed Terence
  2163 | D:2      | Reached skill level 5 in Axes
  2461 | D:3      | Reached XP level 5. HP: 11/42 MP: 6/6
  2477 | D:3      | Gained mutation: You are weak. (Str -2) [potion of
                  | mutation]
  2477 | D:3      | Gained mutation: You have large cloven feet. [potion of
                  | mutation]
  2477 | D:3      | Gained mutation: You tend to lose your temper in combat.
                  | [potion of mutation]
  2477 | D:3      | Gained mutation: You are robust. (+10% HP) [potion of
                  | mutation]
  2477 | D:3      | HP: 4/46 [orc wizard (2)]
  2479 | D:3      | HP: 1/46 [orc wizard (3)]
  2479 | D:3      | Slain by an orc

Vanquished Creatures
  Terence (D:2)
  An orc wizard (D:3)
  5 adders
  A worm (D:2)
  3 dart slugs
  2 orcs (D:3)
  3 endoplasms
  2 giant cockroaches
  4 goblins (D:1)
  A hobgoblin (D:1)
  2 jackals (D:2)
  2 quokkas (D:2)
  5 ball pythons
  7 bats
  4 frilled lizards
  4 kobolds
  6 rats
53 creatures vanquished.
